PCL
SAN JOSE MISSIONS @ GRESHAM GOLD SOULS
04/27/2027
 
TOP OF THE 1ST
San Jose Missions batting - Pitching for Gresham Gold Souls : LHP Francisco Nieto
Pitching: LHP Francisco Nieto
Batting: RHB Emílio Bruno 0-0: Called Strike
0-1: Ball
1-1: Ball
2-1: Swinging Strike
2-2: Foul Ball, location: 2F
2-2: Strikes out swinging
Batting: RHB Ed Starr 0-0: Ball
1-0: Ball
2-0: Ball
3-0: Called Strike
3-1: Base on Balls
Batting: RHB Dale Taylor 0-0: Called Strike
0-1: Ball
1-1: Foul Ball, location: 2F
1-2: Ball
2-2: Reached on error, E5 (Groundball, 5)
Ed Starr to second
Batting: RHB Bob Orr 0-0: Called Strike
0-1: Ball
1-1: Ball
2-1: Ball
3-1: Foul Ball, location: 2F
3-2: Base on Balls
Ed Starr to third
Dale Taylor to second
Batting: RHB Chang-geun Kim 0-0: Foul Ball, location: 2F
0-1: Ball
1-1: Foul Ball, location: 2F
1-2: Strikes out looking
Batting: RHB Scott Merritt 0-0: Called Strike
0-1: Swinging Strike
0-2: Strikes out swinging
Top of the 1st over - 0 run(s), 0 hit(s), 1 error(s), 3 left on base; San Jose 0 - Gresham 0
BOTTOM OF THE 1ST
Gresham Gold Souls batting - Pitching for San Jose Missions : RHP José Reyes
Pitching: RHP José Reyes
Batting: RHB Jim Edgar 0-0: Called Strike
0-1: Ball
1-1: Bunted foul
1-2: Foul Ball, location: 2F
1-2: Fly out, F6 (Popup, 6)
Batting: LHB Bill Smith 0-0: Fly out, F8 (Flyball, 8RM)
Batting: RHB Peter Hensley 0-0: Ball
1-0: Swinging Strike
1-1: Ball
2-1: Foul Ball, location: 2F
2-2: Ball
3-2: Base on Balls
Batting: RHB Lorenzo Morín 0-0: Called Strike
0-1: Ball
1-1: Foul Ball, location: 2F
1-2: DOUBLE (Flyball, 89D)
Peter Hensley to third
Runner from 3rd tries for Home, throw and OUT!
Bottom of the 1st over - 0 run(s), 1 hit(s), 0 error(s), 1 left on base; San Jose 0 - Gresham 0
TOP OF THE 2ND
San Jose Missions batting - Pitching for Gresham Gold Souls : LHP Francisco Nieto
Batting: LHB Miguel Montés 0-0: SINGLE (Groundball, 34D)
Batting: RHB Bobby Brewster 0-0: Ball
1-0: Called Strike
1-1: Ball
2-1: Grounds into double play, 4-6-3 (Groundball, 34)
Batting: RHB David Crespo 0-0: Foul Ball, location: 2F
0-1: Ball
1-1: DOUBLE (Line Drive, 78M)
Batting: RHB Emílio Bruno 0-0: Ball
1-0: Ball
2-0: Called Strike
2-1: Foul Ball, location: 2F
2-2: Strikes out swinging
Top of the 2nd over - 0 run(s), 2 hit(s), 0 error(s), 1 left on base; San Jose 0 - Gresham 0
BOTTOM OF THE 2ND
Gresham Gold Souls batting - Pitching for San Jose Missions : RHP José Reyes
Batting: RHB Mario Méndez 0-0: Fly out, F7 (Flyball, 7LM)
Batting: RHB Pablo Castillo 0-0: Ball
1-0: Fly out, F9 (Flyball, 9LM)
Batting: SHB Sean Carr 0-0: Ball
1-0: Swinging Strike
1-1: Ground out 3-1 (Groundball, 34)
Bottom of the 2nd over - 0 run(s), 0 hit(s), 0 error(s), 0 left on base; San Jose 0 - Gresham 0
TOP OF THE 3RD
San Jose Missions batting - Pitching for Gresham Gold Souls : LHP Francisco Nieto
Batting: RHB Ed Starr 0-0: SINGLE (Line Drive, 9S)
Batting: RHB Dale Taylor 0-0: Ball
1-0: Called Strike
1-1: Ball
2-1: Foul Ball, location: 2F
2-2: Ball
3-2: Foul Ball, location: 2F
3-2: Ground out 6-3 (Groundball, 6)
Ed Starr to second
Batting: RHB Bob Orr 0-0: Foul Ball, location: 2F
0-1: Ball
1-1: Ball
2-1: Foul Ball, location: 2F
2-2: Foul Ball, location: 2F
2-2: Strikes out looking
Batting: RHB Chang-geun Kim 0-0: Ball
1-0: Swinging Strike
1-1: Swinging Strike
1-2: Strikes out swinging
Top of the 3rd over - 0 run(s), 1 hit(s), 0 error(s), 1 left on base; San Jose 0 - Gresham 0
BOTTOM OF THE 3RD
Gresham Gold Souls batting - Pitching for San Jose Missions : RHP José Reyes
Batting: LHB Jeff McKinney 0-0: Ball
1-0: Ball
2-0: Ball
3-0: Called Strike
3-1: Fly out, F8 (Flyball, 89S)
Batting: LHB Jeff Doss 0-0: Ball
1-0: Called Strike
1-1: Ground out 4-3 (Groundball, 4)
Batting: RHB Jim Edgar 0-0: Ball
1-0: Ball
2-0: Foul Ball, location: 2F
2-1: Ball
3-1: Foul Ball, location: 2F
3-2: Strikes out swinging
Bottom of the 3rd over - 0 run(s), 0 hit(s), 0 error(s), 0 left on base; San Jose 0 - Gresham 0
TOP OF THE 4TH
San Jose Missions batting - Pitching for Gresham Gold Souls : LHP Francisco Nieto
Batting: RHB Scott Merritt 0-0: Ball
1-0: Foul Ball, location: 2F
1-1: Ball
2-1: Fly out, F7 (Line Drive, 7LS)
Batting: LHB Miguel Montés 0-0: Ball
1-0: Foul Ball, location: 2F
1-1: Ball
2-1: Called Strike
2-2: Ground out 4-3 (Groundball, 4)
Batting: RHB Bobby Brewster 0-0: Ball
1-0: Swinging Strike
1-1: Called Strike
1-2: Foul Ball, location: 2F
1-2: Ball
2-2: Ball
3-2: Foul Ball, location: 2F
3-2: Base on Balls
Pitching: RHP Paul Miller
Batting: RHB David Crespo 0-0: Ball
1-0: Foul Ball, location: 2F
1-1: SINGLE (Groundball, 4MD)
Bobby Brewster to second
Batting: RHB Emílio Bruno 0-0: Ball
1-0: Ball
2-0: Called Strike
2-1: Foul Ball, location: 2F
2-2: Ground out 4-3 (Groundball, 4MS)
Top of the 4th over - 0 run(s), 1 hit(s), 0 error(s), 2 left on base; San Jose 0 - Gresham 0
BOTTOM OF THE 4TH
Gresham Gold Souls batting - Pitching for San Jose Missions : RHP José Reyes
Batting: LHB Bill Smith 0-0: Foul Ball, location: 2F
0-1: Ball
1-1: Swinging Strike
1-2: Ball
2-2: Strikes out swinging
Batting: RHB Peter Hensley 0-0: Ball
1-0: Ball
2-0: DOUBLE (Line Drive, 7LD)
Batting: RHB Lorenzo Morín 0-0: Called Strike
0-1: Ball
1-1: Swinging Strike
1-2: Foul Ball, location: 2F
1-2: Foul Ball, location: 2F
1-2: Ball
2-2: DOUBLE (Groundball, 3L)
Peter Hensley scores
Batting: RHB Mario Méndez 0-0: Ball
1-0: SINGLE (Line Drive, 34D)
Lorenzo Morín to third
Batting: RHB Pablo Castillo 0-0: Called Strike
0-1: Ball
1-1: Ball
2-1: Ball
3-1: Base on Balls
Mario Méndez to second
Batting: SHB Sean Carr 0-0: Swinging Strike
0-1: Ball
1-1: Ball
2-1: SINGLE (Groundball, 4D)
Lorenzo Morín scores
Mario Méndez to third
Pablo Castillo to second
Batting: LHB Jeff McKinney 0-0: Ball
1-0: Ball
2-0: Foul Ball, location: 2F
2-1: Ball
3-1: SINGLE (Groundball, 6D)
Mario Méndez scores
Pablo Castillo to third
Sean Carr to second
Runner from 3rd tries for Home, SAFE, no throw
Batting: LHB Jeff Doss 0-0: Called Strike
0-1: Ball
1-1: Called Strike
1-2: Strikes out looking
Batting: RHB Jim Edgar 0-0: Ball
1-0: Ball
2-0: Called Strike
2-1: Ground out 3-1 (Groundball, 34)
Bottom of the 4th over - 4 run(s), 5 hit(s), 0 error(s), 2 left on base; San Jose 0 - Gresham 4
TOP OF THE 5TH
San Jose Missions batting - Pitching for Gresham Gold Souls : RHP Paul Miller
Batting: RHB Ed Starr 0-0: Ball
1-0: Called Strike
1-1: Ball
2-1: Ball
3-1: Base on Balls
Batting: RHB Dale Taylor 0-0: Called Strike
0-1: Ball
1-1: Foul Ball, location: 2F
1-2: Fly out, F7 (Flyball, 78M)
Batting: RHB Bob Orr 0-0: Foul Ball, location: 2F
0-1: Foul Ball, location: 2F
0-2: Foul Ball, location: 2F
0-2: Ball
1-2: Grounds into double play, 5-4-3 (Groundball, 56)
Top of the 5th over - 0 run(s), 0 hit(s), 0 error(s), 0 left on base; San Jose 0 - Gresham 4
BOTTOM OF THE 5TH
Gresham Gold Souls batting - Pitching for San Jose Missions : RHP José Reyes
Batting: LHB Bill Smith 0-0: Called Strike
0-1: Fly out, F9 (Flyball, 9LDF)
Batting: RHB Peter Hensley 0-0: Called Strike
0-1: Ball
1-1: Ground out 6-3 (Groundball, 6)
Batting: RHB Lorenzo Morín 0-0: Ball
1-0: Ball
2-0: Foul Ball, location: 2F
2-1: Ball
3-1: Base on Balls
Batting: RHB Mario Méndez 0-0: Ball
1-0: Swinging Strike
1-1: Ball
2-1: Foul Ball, location: 2F
2-2: Strikes out swinging
Bottom of the 5th over - 0 run(s), 0 hit(s), 0 error(s), 1 left on base; San Jose 0 - Gresham 4
TOP OF THE 6TH
San Jose Missions batting - Pitching for Gresham Gold Souls : RHP Paul Miller
Batting: RHB Chang-geun Kim 0-0: Called Strike
0-1: SINGLE (Line Drive, 34D)
Batting: RHB Scott Merritt 0-0: Foul Ball, location: 2F
0-1: Swinging Strike
0-2: Strikes out swinging
Batting: LHB Miguel Montés 0-0: Ball
1-0: Swinging Strike
1-1: Fielders Choice at 2nd, 2-6 (Groundball, 2R)
Batting: RHB Bobby Brewster 0-0: Called Strike
0-1: Called Strike
0-2: Ball
Miguel Montés steals 2nd base
1-2: Strikes out swinging
Top of the 6th over - 0 run(s), 1 hit(s), 0 error(s), 1 left on base; San Jose 0 - Gresham 4
BOTTOM OF THE 6TH
Gresham Gold Souls batting - Pitching for San Jose Missions : RHP José Reyes
Batting: RHB Pablo Castillo 0-0: Ball
1-0: Swinging Strike
1-1: SINGLE (Line Drive, 56)
Batting: SHB Sean Carr 0-0: Ball
1-0: Foul Ball, location: 2F
1-1: Foul Ball, location: 2F
1-2: Ball
2-2: Ball
3-2: Base on Balls
Pablo Castillo to second
Batting: LHB Jeff McKinney 0-0: Ball
1-0: Fielders Choice at 2nd, 4-6 (Groundball, 4)
Pablo Castillo to third
Pitching: RHP Mark Bidwell
Batting: LHB Jeff Doss 0-0: Ball
1-0: Foul Ball, location: 2F
1-1: Called Strike
1-2: Strikes out looking
Jeff McKinney steals 2nd base
Batter strikes out.
Batting: RHB Jim Edgar 0-0: Ball
1-0: Called Strike
1-1: Swinging Strike
1-2: Strikes out swinging
Bottom of the 6th over - 0 run(s), 1 hit(s), 0 error(s), 2 left on base; San Jose 0 - Gresham 4
TOP OF THE 7TH
San Jose Missions batting - Pitching for Gresham Gold Souls : RHP Paul Miller
Batting: RHB David Crespo 0-0: Called Strike
0-1: Ball
1-1: Ball
2-1: Foul Ball, location: 2F
2-2: Ball
3-2: Strikes out looking
Batting: RHB Emílio Bruno 0-0: Called Strike
0-1: Ball
1-1: Ground out 4-3 (Groundball, 4)
Batting: RHB Ed Starr 0-0: Swinging Strike
0-1: Foul Ball, location: 2F
0-2: Ball
1-2: Ball
2-2: Ball
3-2: Base on Balls
Batting: RHB Dale Taylor 0-0: Ball
1-0: Fly out, F9 (Flyball, 9LM)
Top of the 7th over - 0 run(s), 0 hit(s), 0 error(s), 1 left on base; San Jose 0 - Gresham 4
BOTTOM OF THE 7TH
Gresham Gold Souls batting - Pitching for San Jose Missions : RHP Mark Bidwell
Batting: LHB Bill Smith 0-0: Called Strike
0-1: Swinging Strike
0-2: Ball
1-2: Foul Ball, location: 2F
1-2: SINGLE (Groundball, 4S) (infield hit)
Batting: RHB Peter Hensley 0-0: Called Strike
0-1: Ball
1-1: Ball
2-1: Foul Ball, location: 2F
2-2: Fielders Choice at 2nd, 5-4 (Groundball, 56)
Batting: RHB Lorenzo Morín 0-0: Ball
1-0: Fly out, F4 (Popup, 4)
Batting: RHB Mario Méndez 0-0: Ball
1-0: Called Strike
1-1: Ball
2-1: Ball
3-1: Foul Ball, location: 2F
3-2: SINGLE (Groundball, 6MD)
Peter Hensley to second
Peter Hensley to third
Batting: RHB Pablo Castillo 0-0: Ball
1-0: Ball
2-0: Ball
3-0: Base on Balls
Mario Méndez to second
Pitching: RHP Micheal Wood
Batting: SHB Sean Carr 0-0: Ball
1-0: Ground out 6-3 (Groundball, 6S)
Bottom of the 7th over - 0 run(s), 2 hit(s), 0 error(s), 3 left on base; San Jose 0 - Gresham 4
TOP OF THE 8TH
San Jose Missions batting - Pitching for Gresham Gold Souls : RHP Paul Miller
Batting: RHB Bob Orr 0-0: Ball
1-0: DOUBLE (Line Drive, 7LD)
Batting: RHB Chang-geun Kim 0-0: Ball
1-0: Ball
2-0: Foul Ball, location: 2F
2-1: Ground out 6-3 (Groundball, 6S)
Bob Orr to third
Batting: RHB Scott Merritt 0-0: Ball
1-0: Ball
2-0: Foul Ball, location: 2F
2-1: Foul Ball, location: 2F
2-2: 2-RUN HOME RUN (Flyball, 7D), Distance : 386 ft
Pitching: RHP Jamal Clayton
Batting: LHB Miguel Montés 0-0: SINGLE (Groundball, 6D)
Batting: RHB Bobby Brewster 0-0: Ball
1-0: Ball
2-0: Called Strike
2-1: Ball
3-1: Foul Ball, location: 2F
3-2: Foul Ball, location: 2F
3-2: Foul Ball, location: 2F
3-2: Foul Ball, location: 2F
3-2: Foul Ball, location: 2F
3-2: Strikes out swinging
Miguel Montés steals 2nd base
Batter strikes out.
Batting: RHB David Crespo 0-0: Swinging Strike
0-1: Foul Ball, location: 2F
0-2: Ball
1-2: Ball
2-2: Ball
3-2: Strikes out swinging
Top of the 8th over - 2 run(s), 3 hit(s), 0 error(s), 1 left on base; San Jose 2 - Gresham 4
BOTTOM OF THE 8TH
Gresham Gold Souls batting - Pitching for San Jose Missions : RHP Micheal Wood
Batting: LHB Jeff McKinney 0-0: Ball
1-0: Called Strike
1-1: Foul Ball, location: 2F
1-2: Strikes out swinging
Batting: LHB Jeff Doss 0-0: Ball
1-0: Foul Ball, location: 2F
1-1: Called Strike
1-2: Foul Ball, location: 2F
1-2: Ball
2-2: Ground out U3 (Groundball, 3)
Batting: RHB Jim Edgar 0-0: Ball
1-0: Ground out 6-3 (Groundball, 6)
Bottom of the 8th over - 0 run(s), 0 hit(s), 0 error(s), 0 left on base; San Jose 2 - Gresham 4
TOP OF THE 9TH
San Jose Missions batting - Pitching for Gresham Gold Souls : RHP Jamal Clayton
Pitching: RHP Eusébio Lagarto
Batting: RHB Emílio Bruno 0-0: Swinging Strike
0-1: Ball
1-1: Foul Ball, location: 2F
1-2: SINGLE (Groundball, 4MD)
Batting: RHB Ed Starr 0-0: Ball
1-0: Ball
2-0: Foul Ball, location: 2F
2-1: Ball
3-1: Foul Ball, location: 2F
3-2: Strikes out swinging
Batting: RHB Dale Taylor 0-0: Ball
1-0: 2-RUN HOME RUN (Flyball, 78XD), Distance : 392 ft
Pitching: RHP Robbie O'Neil
Batting: RHB Bob Orr 0-0: Called Strike
0-1: Ball
1-1: Called Strike
1-2: Ball
2-2: Strikes out swinging
Batting: RHB Chang-geun Kim 0-0: Ground out 6-3 (Groundball, 6)
Top of the 9th over - 2 run(s), 2 hit(s), 0 error(s), 0 left on base; San Jose 4 - Gresham 4
BOTTOM OF THE 9TH
Gresham Gold Souls batting - Pitching for San Jose Missions : RHP Micheal Wood
Pitching: RHP Paul Lewis
Batting: LHB Bill Smith 0-0: Called Strike
0-1: SINGLE (Groundball, 34) (infield hit)
Batting: RHB Peter Hensley 0-0: Called Strike
0-1: Called Strike
0-2: Ball
1-2: Ball
2-2: Ball
3-2: Ground out 5-3 (Groundball, 56S)
Bill Smith to second
Batting: RHB Lorenzo Morín 0-0: Fly out, F9 (Flyball, 9D)
Runner from 2nd tags up, SAFE at 3rd, no throw
Batting: RHB Mario Méndez Balk!
Bill Smith scores
Thursday, March 30th, 2017 - OOTP Baseball 17.12 Build 75